Map: Ley Lines

Players

Lambo

  • Race: Zerg Zerg
  • Spawn Location: 1:00

ShoWTimE - Winner!

  • Race: Protoss Protoss
  • League: Grandmaster
  • Spawn Location: 7:00

Event: HomeStory Cup XXVII

VOD

Have the link to the VOD?

Description

Time

  • Played on: June 29, 2025, 7:22 a.m.
  • Length: 21:53

All games in this series

Show
View Real Time Build Order
Export as new Build Order

Lambo Zerg 

Build Orders: Hatch First, Lurkers 

Get SALT Encoding   

  12  0:00  Drone  
  13  0:09  Drone  
  14  0:16  Drone, Extractor  
  15  0:22  Overlord  
  15  0:41  Drone  
  16  0:46  Hatchery  
  16  0:49  Drone  
  16  0:52  Drone  
  16  0:56  Drone  
  18  1:07  Extractor  
  17  1:12  Spawning Pool  
  17  1:17  Drone  
  17  1:18  Drone  
  18  1:31  Drone  
  19  1:38  Drone  
  20  1:48  Drone  
  21  2:00  Zergling x2, Queen x2  
  26  2:01  Overlord  
  27  2:08  Drone  
  27  2:11  Zergling x2  
  28  2:16  Metabolic Boost  
  28  2:21  Drone  
  29  2:23  Drone  
  30  2:30  Drone  
  30  2:35  Queen  
  30  2:36  Drone  
  34  2:47  Hatchery  
  34  2:51  Overlord  
  33  2:53  Zergling x2  
  33  2:57  Zergling x2  
  35  3:02  Zergling x2  
  36  3:07  Overlord  
  36  3:10  Zergling x2  
  36  3:11  Drone x3  
  40  3:18  Drone x3  
  43  3:25  Drone x3  
  44  3:33  Drone  
  43  3:42  Drone x5  
  43  3:47  Queen  
  50  3:51  Spore Crawler  
  50  3:52  Drone  
  50  3:59  Overlord  
  50  4:00  Drone x3  
  51  4:08  Queen  
  53  4:11  Overlord, Spore Crawler  
  53  4:14  Drone x2  
  54  4:17  Drone x2  
  54  4:21  Drone x2  
  54  4:22  Drone  
  59  4:25  Overlord  
  59  4:31  Overlord  
  59  4:33  Drone x3  
  62  4:39  Drone x3  
  65  4:48  Drone x5  
  65  4:50  Extractor  
  65  4:52  Roach Warren  
  68  4:58  Hatchery  
  67  5:02  Drone x5  
  67  5:05  Zergling x4  
  72  5:08  Extractor  
  72  5:13  Zergling x4  
  73  5:14  Lair, Evolution Chamber  
  73  5:15  Drone  
  73  5:16  Drone  
  73  5:17  Drone  
  73  5:18  Drone  
  73  5:19  Drone  
  77  5:22  Drone x2  
  77  5:24  Spore Crawler  
  77  5:25  Drone  
  77  5:27  Overlord  
  79  5:29  Overlord  
  79  5:36  Extractor  
  79  5:37  Overlord  
  79  5:38  Extractor  
  79  5:40  Overlord  
  77  5:43  Overlord  
  77  5:45  Zerg Missile Weapons Level 1  
  77  5:47  Zergling x14  
  77  5:49  Drone  
  85  5:53  Extractor  
  85  5:56  Zergling x6  
  87  5:59  Drone x3  
  87  6:04  Zergling x4, Queen  
  94  6:11  Drone  
  94  6:14  Drone x3, Infestation Pit  
  94  6:15  Drone x2  
  94  6:16  Drone x2  
  101  6:23  Drone x5  
  101  6:25  Hydralisk Den  
  102  6:26  Drone x2  
  102  6:27  Drone  
  102  6:30  Spore Crawler  
  104  6:33  Drone x2  
  104  6:34  Drone x2  
  104  6:37  Overseer  
  104  6:38  Drone  
  108  6:41  Roach  
  108  6:43  Overlord  
  108  6:44  Overlord  
  108  6:46  Overlord  
  110  6:48  Overlord x2  
  110  6:50  Overlord  
  110  6:55  Overlord  
  110  6:58  Hydralisk  
  110  6:59  Overlord  
  112  7:01  Hydralisk  
  112  7:02  Hydralisk x3  
  112  7:06  Hydralisk x3  
  126  7:11  Hydralisk x3  
  126  7:13  Hydralisk  
  131  7:16  Grooved Spines  
  131  7:17  Hydralisk x2  
  131  7:22  Ravager  
  136  7:26  Hive  
  136  7:27  Lurker Den  
  136  7:28  Drone x6  
  136  7:29  Overseer, Extractor  
  140  7:30  Extractor  
  140  7:32  Overseer  
  140  7:33  Drone x3  
  140  7:34  Drone  
  143  7:38  Drone x4  
  143  7:41  Drone x3  
  143  7:42  Drone  
  151  7:46  Spine Crawler  
  151  7:47  Zerg Missile Weapons Level 2  
  150  7:56  Hydralisk x5  
  157  7:58  Drone  
  157  8:01  Pneumatized Carapace  
  157  8:03  Overseer  
  157  8:05  Overseer  
  157  8:12  Drone x3  
  160  8:13  Queen  
  160  8:15  Queen  
  160  8:17  Hatchery  
  160  8:19  Muscular Augments  
  162  8:21  Hydralisk x2  
  162  8:23  Hydralisk x2  
  162  8:26  Lurker  
  171  8:27  Zergling x2  
  171  8:28  Zergling x4  
  171  8:33  Zergling x2  
  175  8:41  Overlord  
  175  8:43  Seismic Spines  
  175  8:47  Overlord  
  175  8:51  Spine Crawler  
  175  8:53  Spine Crawler  
  173  8:57  Hatchery  
  173  9:00  Lurker x6  
  178  9:04  Zergling x10  
  178  9:06  Overlord x2  
  183  9:18  Hydralisk  
  183  9:19  Hydralisk  
  183  9:21  Lurker x3  
  190  9:29  Lurker x2  
  192  9:35  Lurker  
  192  9:37  Zergling x2  
  192  9:38  Zergling x18  
  199  9:39  Extractor  
  199  9:42  Extractor  
  185  9:49  Lurker x3  
  182  9:57  Hydralisk x5  
  182  9:58  Zergling x26  
  192  10:16  Hydralisk x6  
  197  10:23  Hydralisk  
  197  10:24  Zergling x16  
  189  10:29  Hydralisk  
  189  10:30  Hydralisk x3  
  189  10:33  Spire  
  185  10:36  Hydralisk x2  
  185  10:37  Roach  
  185  10:41  Roach x3  
  183  10:46  Drone x3  
  173  10:51  Adaptive Talons  
  173  10:55  Evolution Chamber  
  169  10:57  Zergling x4  
  165  11:07  Queen  
  165  11:10  Drone x4  
  171  11:13  Overlord  
  171  11:14  Adrenal Glands  
  171  11:15  Overlord, Evolution Chamber  
  171  11:16  Overlord x3  
  170  11:19  Overlord  
  170  11:20  Spore Crawler  
  169  11:26  Lurker x2  
  169  11:29  Zerg Melee Weapons Level 1, Zerg Missile Weapons Level 3  
  169  11:30  Overlord  
  171  11:36  Drone x3  
  171  11:38  Lurker  
  175  11:40  Lurker x3  
  175  11:41  Zergling x36  
  175  11:44  Spine Crawler  
  175  11:45  Lurker  
  175  11:47  Zerg Ground Armor Level 1, Zerg Flyer Weapons Level 1  
  196  11:50  Overseer x3  
  196  11:54  Hatchery  
  196  11:55  Unknown  
  196  11:57  Zergling x16  
  198  12:04  Hydralisk x2  
  199  12:16  Overlord  
  199  12:17  Overlord  
  199  12:18  Overlord  
  199  12:19  Overseer  
  199  12:22  Overlord  
  185  12:28  Zergling x26  
  188  12:36  Hydralisk x7  
  196  12:37  Hatchery  
  184  12:45  Hydralisk x4  
  184  12:50  Hydralisk x3  
  188  13:01  Hydralisk x5  
  188  13:02  Lurker  
  162  13:13  Lurker x6  
  162  13:18  Drone x3  
  162  13:19  Drone  
  171  13:20  Lurker  
  171  13:21  Lurker x2  
  171  13:25  Zergling x20, Hatchery  
  183  13:32  Hydralisk x2  
  183  13:33  Overseer  
  187  13:34  Overseer  
  187  13:36  Unknown  
  187  13:40  Hydralisk x5  
  196  13:43  Lurker  
  196  13:45  Overseer  
  197  13:56  Overlord  
  197  14:03  Extractor  
  197  14:05  Spine Crawler  
  197  14:06  Extractor  
  180  14:14  Hydralisk x6  
  180  14:15  Zergling x34  
  193  14:18  Zergling x6  
  181  14:30  Zergling x14  
  175  14:31  Zerg Flyer Weapons Level 2  
  175  14:35  Lurker x2  
  175  14:36  Lurker  
  177  14:41  Hydralisk x5  
  177  14:44  Zergling x8  
  177  14:45  Overseer x4  
  191  14:52  Zergling x2  
  167  15:02  Hydralisk x9  
  178  15:09  Hydralisk x2  
  178  15:10  Hydralisk x2  
  184  15:24  Lurker x3  
  184  15:25  Lurker x5  
  184  15:28  Zergling x14  
  199  15:33  Zerg Melee Weapons Level 2  
  199  15:38  Overlord  
  198  15:44  Nydus Network  
  196  15:51  Lurker x2  
  196  15:56  Zergling x2  
  173  16:11  Hydralisk x13  
  173  16:18  Hydralisk x3  
  159  16:22  Hydralisk  
  159  16:25  Hydralisk x2  
  153  16:27  Zergling x2  
  135  16:39  Drone x3  
  129  16:41  Nydus Canal  
  129  16:42  Lurker x9  
  129  16:46  Hydralisk x2  
  140  16:49  Drone x2  
  144  16:58  Corruptor x2  
  144  16:59  Overseer  
  148  17:03  Overseer  
  148  17:04  Corruptor  
  148  17:05  Corruptor  
  152  17:09  Drone  
  152  17:15  Lurker x5  
  158  17:16  Corruptor  
  160  17:28  Corruptor x3  
  163  17:33  Corruptor x2  
  167  17:39  Corruptor x2  
  167  17:43  Corruptor  
  173  17:50  Lurker x2  
  175  17:51  Zergling x14  
  175  17:57  Zerg Flyer Armor Level 1  
  175  17:58  Overseer  
  182  17:59  Overseer x2  
  182  18:04  Corruptor x2  
  183  18:11  Overseer, Corruptor x2  
  187  18:14  Zergling x8  
  191  18:21  Hydralisk  
  192  18:29  Lurker  
  193  18:51  Overlord  
  193  18:52  Overlord x3, Zerg Ground Armor Level 2  
  193  18:53  Hatchery, Zerg Melee Weapons Level 3  
  193  18:54  Hatchery  
  190  19:01  Overlord  
  190  19:07  Overseer x2  
  178  19:22  Hydralisk x3  
  179  19:25  Corruptor x2  
  179  19:26  Hydralisk x3  
  179  19:30  Spore Crawler  
  184  19:32  Spore Crawler  
  183  19:39  Hydralisk  
  183  19:42  Lurker x2  
  187  19:46  Lurker, Hydralisk x2  
  187  19:47  Lurker  
  187  19:48  Lurker x2  
  196  19:52  Zergling x2  
  196  19:53  Zergling x8  
  200  20:06  Corruptor  
  200  20:07  Corruptor x2  
  192  20:08  Corruptor  
  192  20:09  Corruptor x2  
  189  20:26  Lurker x6  
  189  20:27  Hydralisk  
  189  20:28  Hydralisk  
  199  20:35  Corruptor x2  
  189  20:36  Hydralisk x3  
  196  20:45  Corruptor  
  196  20:46  Corruptor  
  194  20:51  Hydralisk, Zergling x8  
  194  20:53  Hatchery  
  188  21:15  Hydralisk x6  
  184  21:32  Overlord  
Show
View Real Time Build Order
Export as new Build Order

ShoWTimE Protoss - Winner!

Build Orders: 1 Gate Expand, Oracle Opening, Phoenix Opening 

Get SALT Encoding   

  12  0:00  Probe  
  13  0:12  Probe  
  14  0:19  Pylon  
  14  0:24  Probe  
  15  0:33  Probe  
  15  0:41  Gateway, Probe  
  16  0:49  Assimilator  
  17  0:51  Probe  
  18  1:03  Probe  
  19  1:15  Probe  
  20  1:25  Nexus  
  20  1:35  Cybernetics Core  
  20  1:37  Probe  
  21  1:44  Assimilator  
  21  1:50  Probe  
  21  1:52  Pylon  
  22  2:01  Adept  
  22  2:02  Probe  
  23  2:14  Probe  
  26  2:21  Adept  
  26  2:23  Stargate  
  26  2:26  Probe  
  27  2:34  Probe  
  27  2:36  Warp Gate  
  29  2:38  Probe  
  29  2:42  Probe  
  31  2:50  Probe, Adept  
  35  2:52  Probe  
  36  2:59  Oracle  
  36  3:00  Pylon  
  36  3:02  Probe  
  36  3:04  Probe  
  41  3:14  Probe  
  41  3:16  Probe  
  43  3:20  Adept  
  43  3:26  Probe  
  46  3:28  Probe  
  45  3:37  Phoenix  
  45  3:38  Probe  
  46  3:42  Probe  
  46  3:46  Nexus  
  47  3:49  Pylon  
  47  3:53  Probe  
  47  3:54  Probe  
  49  3:55  Oracle  
  49  4:05  Probe  
  49  4:07  Probe  
  54  4:10  Gateway  
  54  4:15  Assimilator  
  54  4:16  Assimilator  
  54  4:17  Probe  
  54  4:19  Probe  
  54  4:21  Pylon  
  56  4:25  Adept  
  56  4:29  Probe  
  59  4:32  Probe  
  59  4:38  Forge  
  60  4:39  Twilight Council  
  60  4:41  Probe  
  60  4:44  Probe  
  60  4:45  Stalker  
  64  4:51  Protoss Ground Weapons Level 1, Blink  
  64  4:53  Probe  
  64  4:56  Probe  
  66  5:03  Probe  
  66  5:04  Stalker  
  66  5:05  Probe  
  70  5:08  Probe  
  71  5:15  Probe  
  71  5:17  Probe  
  71  5:20  Gateway, Probe  
  71  5:21  Gateway  
  74  5:25  Gateway  
  74  5:26  Gateway  
  74  5:27  Probe  
  75  5:29  Probe  
  75  5:32  Probe  
  75  5:34  Stalker  
  79  5:37  Pylon  
  79  5:39  Probe  
  79  5:42  Probe  
  81  5:44  Probe  
  82  5:50  Stalker  
  82  5:51  Probe  
  82  5:55  Probe  
  82  5:56  Pylon, Probe  
  87  5:58  Pylon  
  87  6:00  Shield Battery  
  87  6:02  Templar Archives  
  87  6:03  Probe  
  88  6:07  Probe  
  88  6:08  Probe, Assimilator  
  88  6:11  Stalker  
  92  6:12  Assimilator  
  92  6:14  Pylon  
  92  6:16  Probe, Stalker x2  
  97  6:19  Probe  
  97  6:24  Stalker x3  
  104  6:26  Pylon  
  104  6:28  Robotics Facility  
  104  6:38  Psionic Storm  
  104  6:47  Stalker x4  
  112  6:54  High Templar  
  112  6:56  Photon Cannon  
  112  7:00  Gateway  
  112  7:01  Gateway  
  114  7:12  High Templar  
  116  7:15  Gateway  
  116  7:18  Gateway  
  116  7:20  High Templar  
  118  7:25  Stalker x3  
  118  7:27  Photon Cannon  
  118  7:28  Photon Cannon  
  118  7:29  Shield Battery  
  124  7:32  Charge  
  124  7:33  Protoss Ground Weapons Level 2  
  124  7:42  Photon Cannon  
  124  7:44  Photon Cannon  
  124  7:48  Pylon  
  124  7:54  Probe  
  124  7:56  Warp Prism  
  121  8:01  Pylon  
  121  8:02  Pylon, High Templar  
  121  8:03  Nexus  
  125  8:05  Pylon  
  125  8:08  Archon  
  125  8:18  High Templar  
  127  8:21  Fleet Beacon  
  127  8:23  Zealot x2  
  127  8:24  Stargate, Zealot x2  
  127  8:26  Photon Cannon  
  136  8:27  Probe  
  136  8:28  Probe  
  136  8:30  Photon Cannon  
  136  8:31  Photon Cannon  
  136  8:33  Probe  
  136  8:34  Shield Battery  
  138  8:36  Shield Battery  
  138  8:38  Observer  
  138  8:39  Probe  
  138  8:40  Probe, Assimilator  
  140  8:42  Assimilator  
  141  8:50  High Templar  
  141  8:51  Zealot x5  
  141  8:52  Pylon  
  141  8:55  Observer, Pylon  
  153  8:58  Photon Cannon  
  154  9:07  Pylon, Shield Battery  
  162  9:21  Tempest  
  162  9:22  Zealot x4  
  162  9:23  Zealot  
  172  9:28  Pylon  
  172  9:30  Immortal  
  172  9:33  Zealot x4  
  172  9:44  Tempest  
  172  9:49  Zealot x5  
  172  9:51  Zealot  
  172  9:58  Tempest  
  172  10:00  Zealot x2  
  172  10:03  Zealot x2  
  184  10:13  Zealot x5  
  190  10:28  Zealot x3  
  190  10:29  Zealot  
  190  10:31  Zealot  
  190  10:33  Probe  
  197  10:37  Zealot x2  
  197  10:38  Probe  
  197  10:41  Tempest  
  189  10:42  Zealot x3  
  189  10:46  Tempest  
  189  10:48  Probe x3  
  182  10:53  High Templar x2  
  182  10:55  Immortal  
  186  10:57  Probe  
  186  11:00  Probe x2  
  186  11:01  Probe  
  190  11:12  Pylon  
  190  11:20  Mothership  
  190  11:21  Protoss Ground Weapons Level 3  
  190  11:23  High Templar x4  
  198  11:26  Cybernetics Core  
  200  11:37  Forge  
  200  11:42  Archon x2  
  200  11:52  Photon Cannon  
  200  11:56  Pylon  
  200  11:57  Nexus  
  200  12:00  Zealot x2  
  200  12:07  Pylon  
  198  12:21  Zealot x2  
  197  12:29  Zealot x5  
  185  12:35  Zealot x3  
  188  12:43  Immortal  
  177  12:47  Zealot x2  
  174  12:53  Zealot x4  
  174  12:57  Zealot x4  
  183  12:59  Protoss Ground Armor Level 1, Probe x2  
  183  13:00  Probe  
  180  13:11  High Templar x2  
  184  13:13  Assimilator  
  184  13:15  High Templar  
  184  13:16  Immortal  
  184  13:18  Probe  
  184  13:19  Probe  
  184  13:21  Zealot x2  
  184  13:22  Zealot x3  
  198  13:29  Probe x2  
  200  13:34  Photon Cannon  
  200  13:36  Photon Cannon  
  200  13:38  Photon Cannon  
  200  13:40  Shield Battery  
  198  13:41  Shield Battery  
  198  13:45  Pylon, Robotics Facility  
  194  13:50  Photon Cannon  
  194  13:52  Immortal, Photon Cannon  
  194  13:54  Photon Cannon  
  194  14:01  High Templar x2  
  198  14:07  Archon  
  180  14:11  High Templar x3, Zealot  
  187  14:21  Immortal, Zealot  
  187  14:22  Zealot x3  
  163  14:33  High Templar  
  163  14:34  High Templar  
  163  14:35  Zealot  
  163  14:38  Archon  
  169  14:52  Zealot x3  
  171  14:54  Zealot x4  
  161  15:00  Observer  
  160  15:09  High Templar x3  
  166  15:16  Archon  
  166  15:19  Nexus  
  166  15:24  Probe x3, Photon Cannon  
  166  15:27  High Templar  
  166  15:28  High Templar x6  
  183  15:31  Archon  
  183  15:32  Archon x2  
  183  15:36  Tempest  
  183  15:39  Protoss Air Weapons Level 1  
  183  15:41  Zealot x2  
  191  15:56  High Templar  
  193  15:57  Pylon  
  193  16:00  Nexus  
  173  16:13  Zealot x6  
  142  16:32  Observer  
  121  16:39  High Templar x3  
  128  16:40  High Templar x7  
  128  16:43  Probe x2  
  128  16:44  Probe x2, Archon x2  
  128  16:45  Pylon, Archon x2  
  128  16:46  Tempest  
  150  16:52  Probe  
  151  16:54  Pylon  
  151  16:55  Probe, Photon Cannon  
  151  16:56  Probe x2  
  151  17:00  Probe  
  155  17:09  Photon Cannon  
  155  17:11  Probe x3  
  155  17:12  Photon Cannon  
  158  17:19  Zealot x3  
  158  17:20  Observer  
  165  17:34  Zealot x3  
  171  17:39  Protoss Air Weapons Level 2, Observer  
  175  17:50  High Templar x3  
  178  17:53  Probe  
  178  17:54  Probe x2  
  178  17:55  Zealot x7  
  195  18:09  Photon Cannon  
  195  18:11  Photon Cannon  
  195  18:13  Photon Cannon  
  195  18:14  Photon Cannon  
  195  18:16  Photon Cannon  
  193  18:21  Zealot x3  
  193  18:26  Zealot  
  199  18:34  Assimilator  
  199  18:35  Assimilator  
  197  18:52  High Templar  
  197  19:00  Oracle  
  194  19:16  High Templar x5  
  200  19:23  Archon x2  
  195  19:27  Oracle  
  195  19:28  Unknown, Protoss Shields Level 1  
  198  19:35  Probe  
  199  19:45  Assimilator x2  
  199  19:49  Observer  
  199  19:52  Pylon  
  200  19:54  Nexus  
  200  19:55  Unknown  
  200  19:58  Photon Cannon  
  190  20:11  Zealot x5  
  190  20:13  Shield Battery  
  200  20:16  Shield Battery  
  196  20:37  Photon Cannon  
  196  20:38  Photon Cannon  
  192  20:47  Zealot x3  
  197  20:52  Shield Battery  
  197  20:55  Assimilator  
  197  20:58  Assimilator  
  197  21:01  Nexus  
  197  21:03  Pylon  
  194  21:06  Immortal  
  194  21:08  Immortal  
  200  21:18  Zealot x9  
  192  21:25  Photon Cannon  
  192  21:27  Photon Cannon  
  192  21:29  Photon Cannon  
  192  21:31  Shield Battery  
  199  21:33  Shield Battery  
  195  21:41  High Templar x2  
Tags
 
Add a new tag
Caveats
  • Supply blocks, unpowered buildings, or Contaminate may cause inaccurate times.
  • Supply counts are checked every 10 seconds.